 Dungeon Crawl Stone Soup version 0.25-b1-46-gb8a1ec05df (webtiles) character file.

Game seed: 5953985145938214206

1074 Curus the Cleaver (level 8, -2/62 HPs)
             Began as a Minotaur Gladiator on June 10, 2020.
             Was a Follower of Okawaru.
             Slain by a killer bee (7 damage)
             ... on level 6 of the Dungeon.
             The game lasted 00:25:34 (5125 turns).

Curus the Cleaver (Minotaur Gladiator)              Turns: 5125, Time: 00:25:35

Health: -2/62      AC: 10    Str: 20      XL:     8   Next: 7%
Magic:  7/7        EV:  7    Int:  7      God:    Okawaru [*.....]
Gold:   298        SH:  3    Dex: 10 (11) Spells: 7/7 levels left

rFire    . . .     SeeInvis .   a - +1 war axe
rCold    . . .     Gourm    .   g - +0 buckler
rNeg     . . .     Faith    .   m - +0 chain mail
rPois    .         Spirit   .   (helmet unavailable)
rElec    .         Reflect  .   (no cloak)
rCorr    .         Harm     .   e - +1 pair of gloves
MR       .....                  (no boots)
Stlth    ..........             p - amulet of regeneration
HPRegen  0.60/turn              (no ring)
MPRegen  0.10/turn              (no ring)

@: lethally poisoned (-2 -> -10)
A: retaliatory headbutt, horns 3, deterioration 1
a: Heroism, Renounce Religion


You were on level 6 of the Dungeon.
You worshipped Okawaru.
Okawaru was aware of your devotion.
You were not hungry.

You visited 2 branches of the dungeon, and saw 8 of its levels.

You collected 298 gold pieces.

Inventory:

Hand Weapons
 a - a +1 war axe (weapon)
Missiles
 d - 3 throwing nets (quivered)
Armour
 b - a +0 leather armour
 c - a +0 hat
 e - a +1 pair of gloves (worn)
 g - a +0 buckler (worn)
 m - a +0 chain mail (worn)
Jewellery
 n - an uncursed ring of ice
 p - an amulet of regeneration (around neck)
Wands
 o - a wand of paralysis (8)
Scrolls
 h - 8 scrolls of identify
 j - 7 scrolls of teleportation
 k - 3 scrolls of remove curse
 l - 2 scrolls of fog
Potions
 i - 4 potions of stabbing
Comestibles
 f - 9 rations


   Skills:
 - Level 2.4 Fighting
 + Level 11.6 Axes
 - Level 2.0 Throwing
 - Level 3.2 Dodging


You had 7 spell levels left.
You didn't know any spells.
Your spell library was empty.

Dungeon Overview and Level Annotations

Branches:
Dungeon (7/15)             Temple (1/1) D:5

Altars:
Ashenzari
Cheibriados
Makhleb
Nemelex Xobeh
Okawaru
Ru
Sif Muna
Wu Jian
Yredelemnul
The Shining One

Shops:
D:4 :

Annotations:
D:4 3 runed translucent doors, Chiseanne's ghost, amateur DsWn


Innate Abilities, Weirdness & Mutations

You reflexively headbutt those who attack you in melee.
You have a pair of large horns on your head.
Your body sometimes deteriorates upon taking damage.


Message History

The killer bee closely misses you.
You feel sick.
The killer bee stings you but does no damage.
The killer bee stings you.
* * * LOW HITPOINT WARNING * * *
You are more poisoned.
The killer bee poisons you!
The killer bee stings you but does no damage. x2
The gnoll barely misses you. You block the killer bee's attack.
The killer bee stings you.
* * * LOW HITPOINT WARNING * * *
The gnoll hits you but does no damage.
You climb upwards.
* * * LOW HITPOINT WARNING * * *
You feel very sick.
There is a stone staircase leading down here.
* * * LOW HITPOINT WARNING * * *
You feel sick. The killer bee barely misses you.
You block the killer bee's attack. The killer bee stings you!
You die...

#.#.##.####.##########
#.#..................#
#.####...##.########.#
#........##.....<# #.#
########..##.....## #.#
#.........##.....# #.#
######.#####...##.....#
#.# #....#.#
#))g##.....####.#
#.##.#.#
#.yy@...........##
#.#<.#.#
#..y#########.#..####
#.####.# #...#
#.#...... #....#.#
#...# #.##..###
####.#.# #...# #.###.##
#.#.# #...# #.# #..##
#(#.#
#...#########.####.#.
#.#.#
#....................
#.#.#
#...#########.####...


You could see 3 killer bees and a gnoll.

Vanquished Creatures
  Edmund (D:5)
  2 centaurs (D:6)
  A scorpion (D:5)
  2 killer bees (D:7)
  2 crimson imps
  A quasit (D:6)
  2 hounds
  A jelly (D:5)
  An orc priest (D:5)
  An iguana (D:6)
  4 worker ants
  A worker ant zombie (D:7)
  7 adders
  8 gnolls
  An ooze (D:3)
  5 worms
  6 dart slugs
  9 leopard geckos
  21 orcs
  2 ball pythons (D:3)
  5 bats
  9 giant cockroaches
  10 goblins
  10 hobgoblins
  8 jackals
  2 quokkas
  A ball python skeleton (D:4)
  7 frilled lizards
  A jackal zombie (D:4)
  10 kobolds
  A quokka skeleton (D:4)
  2 rats
144 creatures vanquished.

Notes
Turn   | Place    | Note
-------+----------+-------------------------------------------
     0 | D:1      | Curus the Minotaur Gladiator began the quest for the Orb.
     0 | D:1      | Reached XP level 1. HP: 18/18 MP: 0/0
    37 | D:1      | Reached skill level 4 in Axes
    43 | D:1      | Reached XP level 2. HP: 14/25 MP: 1/1
   391 | D:1      | Reached skill level 5 in Axes
   816 | D:2      | Reached XP level 3. HP: 30/30 MP: 2/2
  1034 | D:2      | Reached skill level 6 in Axes
  1034 | D:2      | Reached XP level 4. HP: 28/37 MP: 3/3
  1160 | D:2      | Found a faded altar of an unknown god.
  1616 | D:3      | Found a shattered altar of Ashenzari.
  1754 | D:3      | Reached XP level 5. HP: 35/42 MP: 4/4
  1757 | D:3      | Reached skill level 7 in Axes
  2762 | D:4      | Reached skill level 8 in Axes
  2803 | D:4      | Reached XP level 6. HP: 48/50 MP: 5/5
  3135 | D:4      | Found Sorab's Book Emporium.
  3184 | D:4      | Found a runed translucent gate.
  3193 | D:4      | Found a runed translucent gate.
  3193 | D:4      | Found a runed translucent gate.
  3195 | D:4      | Noticed Chiseanne's ghost (amateur DsWn)
  3332 | D:5      | Entered Level 5 of the Dungeon
  3332 | D:5      | Found a staircase to the Ecumenical Temple.
  3353 | Temple   | Entered the Ecumenical Temple
  3375 | Temple   | Became a worshipper of Warmaster Okawaru
  3495 | D:5      | Noticed Edmund
  3506 | D:5      | Killed Edmund
  3506 | D:5      | Reached skill level 9 in Axes
  3693 | D:5      | Reached * piety under Okawaru
  3796 | D:5      | Reached XP level 7. HP: 52/56 MP: 6/6
  4048 | D:5      | Found an iron altar of Okawaru.
  4215 | D:5      | Reached skill level 10 in Axes
  4525 | D:6      | Gained mutation: Your body sometimes deteriorates upon
                  | taking damage. [potion of mutation]
  4525 | D:6      | Gained mutation: You have a pair of large horns on your
                  | head. [potion of mutation]
  4768 | D:6      | Reached skill level 11 in Axes
  5118 | D:7      | Reached XP level 8. HP: 58/62 MP: 7/7
  5125 | D:6      | Slain by a killer bee

Illustrated notes

Levels and vault maps discovered:
D:1:      lightli_arrival_farm, layout_loops_ring, nrook_mini_vaults
D:2:      layout_rooms, chequers_ecumenical_altar_twisty,
          hangedman_abyss_or_decor_stabs
D:3:      layout_loops_corners, portal_sewer_entry_f,
          nicolae_ashenzari_panopticon
D:4:      layout_cave_pools, gammafunk_ghost_necromancy, serial_shops,
          nicolae_shop_behind_doors, minmay_bent
D:5:      layout_loops_ring, minmay_temple_entry_glass, first_ration,
          kennysheep_nondescript, okawaru_altar_gauntlet_db, uniq_edmund
D:6:      layout_basic, st_stairs_7
D:7:      layout_rooms, lemuel_doored_altar, serial_shops, nicolae_shop_crystal
Temple:   compressed_dpeg_circular_temple

Skill      XL: |  1  2  3  4  5  6  7 |
---------------+----------------------+-----
Axes           | 4 5 6 8 9 11 | 11.6
Fighting       | |  2.4
Throwing       | |  2.0
Dodging        | |  3.2

Action                   |  1- 3 |  4- 6 |  7- 9 || total
-------------------------+-------+-------+-------++-------
Melee: War axe           |    78 |   150 |    87 ||   315
       Headbutt          |    15 |    13 |    14 ||    42
  Use: Scroll            |     5 |     5 |     1 ||    11
       Potion            |     3 |     4 |     1 ||     8
 Stab: Invisible         |     2 |       |       ||     2
  Eat: Chunk             |     1 |     6 |     3 ||    10
       Ration            |       |     1 |       ||     1
Armor: Leather armour    |    19 |    11 |       ||    30
       Chain mail        |       |    43 |    76 ||   119
Dodge: Dodged            |    48 |    72 |    45 ||   165
Block: Buckler           |       |     1 |    21 ||    22
